 Dungeon Crawl Stone Soup version 0.29-a0-341-g24ffce5b50 (webtiles) character file.

Game seed: 3557202647387526719

31 Hubjo the Sneak (level 3, -6/22 HPs)
             Began as a Deep Elf Monk on Apr 20, 2022.
             Was an Initiate of Gozag.
             Mangled by a gnoll
             ... wielding a +0 whip
              (8 damage)
             ... on level 2 of the Dungeon.
             The game lasted 00:01:23 (1094 turns).

Hubjo the Sneak (Deep Elf Monk)                     Turns: 1094, Time: 00:01:23

Health: -6/22      AC:  2    Str:  8    XL:     3   Next: 7%
Magic:  0/7        EV: 14    Int: 14    God:    Gozag
Gold:   55         SH:  0    Dex: 19    Spells: 5/5 levels left

rFire   . . .      SeeInvis .   a - +0 short sword
rCold   . . .      Faith    .   (no shield)
rNeg    . . .      Spirit   +   b - +0 robe
rPois   .          Reflect  .   (no helmet)
rElec   .          Harm     .   (no cloak)
rCorr   .          Rampage  .   (no gloves)
Will    .....                   (no boots)
Stlth   +++.......              e - amulet of guardian spirit
HPRegen 0.07/turn               (no ring)
MPRegen 0.10/turn               (no ring)

@: gold aura
A: no striking features
a: Renounce Religion, Potion Petition, Call Merchant, Bribe Branch


You were on level 2 of the Dungeon.
You worshipped Gozag.
Gozag was noncommittal.
You visited 1 branch of the dungeon, and saw 2 of its levels.

You collected 55 gold pieces.

Inventory:

Hand Weapons
 a - a +0 short sword (weapon)
Armour
 b - a +0 robe (worn)
Jewellery
 e - an amulet of guardian spirit (around neck)
 j - a ring of willpower
Scrolls
 d - a scroll of fog {unknown}
 f - 4 scrolls of identify {unknown}
Potions
 c - 2 potions of ambrosia
 g - a potion of heal wounds {unknown}
 h - a potion of flight {unknown}
 i - a potion of curing {unknown}


   Skills:
 + Level 2.7 Fighting
 - Level 3.0 Short Blades
 - Level 3.6 Dodging
 * Level 3.7 Stealth
 + Level 1.5 Spellcasting


You had 5 spell levels left.
You didn't know any spells.
Your spell library was empty.

Dungeon Overview and Level Annotations

Branches:
Dungeon (2/15)

Altars:
Gozag


Message History

You have reached level 3!
Your experience leads to an increase in your attributes!
Increase (S)trength, (I)ntelligence, or (D)exterity?
You feel agile. x2
Things that are here:
9 gold pieces; a +0 club; a throwing net You hit the gnoll.
The gnoll is heavily wounded.
The gnoll hits you with a +0 whip.
You are too injured to fight recklessly!
You are too injured to fight recklessly!
You are too injured to fight recklessly!
You are too injured to fight recklessly!
You are too injured to fight recklessly!
You are too injured to fight recklessly!
You are too injured to fight recklessly!
You are too injured to fight recklessly!
You are too injured to fight recklessly!
You are too injured to fight recklessly!
You are too injured to fight recklessly!
You are too injured to fight recklessly!
You are too injured to fight recklessly!
You are too injured to fight recklessly!
You are too injured to fight recklessly!
You are too injured to fight recklessly!
You are too injured to fight recklessly!
You are too injured to fight recklessly!
You hit the gnoll.
The gnoll is heavily wounded.
The gnoll hits you with a +0 whip.
You barely miss the gnoll.
The gnoll is heavily wounded.
A hobgoblin comes into view. It is wielding a +0 hand axe.
The gnoll hits you with a +0 whip!
* * * LOW HITPOINT WARNING * * *
You hit the gnoll.
The gnoll is almost dead.
The gnoll hits you with a +0 whip!
You die...
Your body crumbles into a pile of gold.

# #.#.# .####...# .
.......## ##### #..
#......###...#...
##.......##.....#
#.........($.#
##....)......# #..
######......#.##$##.....
#......#......##@...#
#.#######.##..##g.###
#.# ####..###.# #.# #.^#
.# #.# #..# .g #)# ..#
### ..# $ ###


You could see a gnoll and a hobgoblin.

Vanquished Creatures
  A gnoll (D:2)
  2 bats (D:1)
  An endoplasm (D:1)
  A hobgoblin (D:1)
  A jackal (D:2)
  5 kobolds
  A frilled lizard (D:1)
  6 goblins
  3 rats (D:1)
21 creatures vanquished.

Notes
Turn   | Place    | Note
-------+----------+-------------------------------------------
     0 | D:1      | Hubjo the Deep Elf Monk began the quest for the Orb.
     0 | D:1      | Reached XP level 1. HP: 13/13 MP: 3/3
   204 | D:1      | Found a faded altar of an unknown god.
   344 | D:1      | Reached XP level 2. HP: 18/18 MP: 5/5
   355 | D:1      | Reached skill level 1 in Spellcasting
   924 | D:1      | Prayed at the altar of an unknown god.
   924 | D:1      | Became a worshipper of Gozag Ym Sagoz the Greedy
  1089 | D:2      | Reached XP level 3. HP: 15/22 MP: 5/7
  1094 | D:2      | Mangled by a gnoll

Illustrated notes

Levels and vault maps discovered:
D:1:      eino_arrival_cavern_c, layout_basic, ebering_ecumenical_altar_mist
D:2:      layout_loops_ring, serial_shops, shop, minmay_pentomino_u2

Skill      XL: |  1  2 |
---------------+-------+-----
Stealth        | 3 |  3.7
Spellcasting   | 1 |  1.5
Fighting       | |  2.7
Short Blades   | |  3.0
Dodging        | |  3.6

Action                   || total
-------------------------++-------
Melee: Short sword       ||    58
 Stab: Sleeping          ||     4
Armor: Robe              ||     6
Dodge: Dodged            ||    13

Table legend: (Time is in decaauts)
 A = Elapsed time spent in this place.
 B = Non-inter-level travel time spent in this place.
 C = Inter-level travel time spent in this place.
 D = Time resting spent in this place.
 E = Time spent auto-exploring this place.
 F = Levels seen in this place.
 G = Mean time per level.
                   A        B        C        D        E       F      G
               +--------+--------+--------+--------+--------+-----+--------+
         Total |   1091 |   1039 |     52 |      0 |    880 |   2 |  545.5 |
       Dungeon |   1091 |   1039 |     52 |      0 |    880 |   2 |  545.5 |
               +--------+--------+--------+--------+--------+-----+--------+

Top non-repeatable levels by time:
     D:1: 937 daAuts
     D:2: 153 daAuts
